Map: Lerilak Crest

Players

SticklerMac

  • Race: Zerg Zerg
  • League: Platinum

Mafiakkk - Winner!

  • Race: Protoss Protoss

VOD

Have the link to the VOD?

Description

Time

  • Played on: Nov. 15, 2015, 5:15 p.m.
  • Length: 14:32
Show
View Real Time Build Order
Export as new Build Order

SticklerMac Zerg 

Build Orders: Hatch First 

Get SALT Encoding   

  12  0:01  Drone  
  13  0:12  Overlord  
  13  0:17  Drone  
  14  0:31  Drone x2  
  17  0:35  Drone  
  17  0:54  Hatchery  
  17  0:56  Drone  
  17  1:00  Extractor  
  17  1:02  Drone  
  17  1:17  Spawning Pool  
  16  1:20  Drone  
  16  1:23  Drone  
  18  1:30  Drone  
  19  1:41  Overlord  
  19  1:50  Drone  
  20  2:03  Metabolic Boost, Drone  
  20  2:04  Queen  
  20  2:07  Drone  
  24  2:13  Drone  
  24  2:14  Extractor  
  24  2:23  Drone x2  
  24  2:25  Queen  
  28  2:35  Drone x2  
  30  2:45  Queen  
  30  2:46  Drone  
  30  2:48  Drone  
  34  2:54  Zergling x2  
  34  2:57  Zergling x2  
  36  3:03  Zergling x2  
  35  3:29  Overlord  
  35  3:30  Overlord x2  
  35  3:37  Overlord  
  35  3:39  Overlord  
  35  3:47  Queen  
  39  3:59  Drone x2  
  41  4:04  Drone x6  
  41  4:09  Lair  
  45  4:11  Drone  
  45  4:12  Drone  
  47  4:33  Hatchery  
  42  4:48  Queen  
  44  5:06  Drone x3  
  44  5:07  Drone x6  
  49  5:10  Spire  
  49  5:11  Drone x2, Extractor  
  49  5:12  Extractor  
  53  5:14  Drone  
  53  5:24  Pneumatized Carapace  
  53  5:42  Zergling x2  
  54  5:43  Zergling x12  
  54  5:47  Zergling x4  
  62  5:50  Queen  
  64  6:04  Zergling x12  
  66  6:05  Zergling x4  
  66  6:09  Drone  
  66  6:10  Drone  
  74  6:26  Overseer  
  74  6:29  Mutalisk  
  74  6:30  Mutalisk x3  
  82  6:33  Overlord  
  82  6:34  Overlord x4  
  82  6:47  Overlord x3  
  82  7:00  Mutalisk  
  82  7:01  Mutalisk x5  
  94  7:16  Drone x5  
  94  7:20  Drone  
  100  7:26  Hatchery  
  99  7:35  Mutalisk x2  
  99  7:36  Mutalisk x2  
  98  7:51  Mutalisk x3  
  98  7:52  Mutalisk x2  
  98  7:56  Zergling x8  
  99  8:09  Mutalisk x3  
  105  8:13  Zergling x10  
  110  8:24  Drone x3  
  113  8:47  Mutalisk x4  
  121  8:49  Zergling x16  
  121  8:52  Mutalisk  
  121  8:54  Zergling x2  
  132  9:09  Mutalisk x2  
  136  9:10  Zergling x4  
  136  9:11  Zergling x12  
  144  9:34  Mutalisk x2  
  148  9:39  Zergling x2  
  148  9:40  Zergling x4  
  148  9:42  Overlord x7  
  148  9:43  Overlord x2  
  147  10:08  Zergling x6  
  147  10:09  Mutalisk x4, Zergling x6  
  147  10:11  Zergling x4  
  163  10:26  Drone x2  
  163  10:28  Hatchery, Mutalisk x2  
  165  10:29  Zergling x4  
  159  11:35  Mutalisk x2  
  159  11:36  Mutalisk x6  
  159  11:37  Zergling x2  
  159  11:38  Zergling x26  
  189  11:43  Queen x2  
  189  11:44  Queen x2  
  189  11:45  Queen  
  199  11:54  Overseer  
  173  12:30  Mutalisk x5  
  173  12:31  Zergling x2  
  173  12:32  Zergling x30  
  171  12:45  Mutalisk x2  
  171  12:46  Zergling x4  
  171  12:47  Zergling x6  
  112  13:02  Zergling x4  
  112  13:03  Zergling x10  
  87  13:23  Zergling x10  
  87  13:24  Zergling x10  
  97  13:31  Corruptor x3  
  85  13:36  Mutalisk x2  
  74  14:00  Hatchery  
  69  14:10  Hatchery  
  68  14:21  Hatchery  
  68  14:22  Hatchery  
Show
View Real Time Build Order
Export as new Build Order

Mafiakkk Protoss - Winner!

Build Orders: 1 Gate Expand, Oracle Opening 

Get SALT Encoding   

  12  0:01  Probe (Chrono Boost)  
  13  0:12  Probe (Chrono Boost)  
  14  0:19  Pylon  
  14  0:22  Probe (Chrono Boost)  
  15  0:37  Probe (Chrono Boost)  
  15  0:38  Gateway  
  16  0:48  Probe (Chrono Boost), Assimilator  
  17  0:58  Probe (Chrono Boost)  
  18  1:09  Probe (Chrono Boost)  
  19  1:21  Nexus  
  19  1:33  Cybernetics Core  
  19  1:36  Probe (Chrono Boost)  
  20  1:47  Probe (Chrono Boost)  
  21  1:52  Pylon  
  21  1:57  Probe (Chrono Boost)  
  22  2:01  Assimilator  
  22  2:08  Probe (Chrono Boost)  
  23  2:10  Warp Gate (Chrono Boost)  
  23  2:12  Adept (Chrono Boost)  
  25  2:18  Probe  
  26  2:26  Pylon  
  26  2:31  Probe  
  26  2:36  Stargate  
  29  2:44  Adept (Chrono Boost)  
  29  2:45  Probe  
  30  2:51  Probe  
  31  3:01  Probe  
  32  3:07  Assimilator  
  32  3:08  Sentry (Chrono Boost)  
  32  3:11  Assimilator  
  34  3:13  Probe  
  34  3:16  Pylon  
  35  3:27  Pylon  
  35  3:29  Probe  
  35  3:37  Forge  
  35  3:39  Mothership Core  
  35  3:40  Probe  
  37  3:44  Oracle (Chrono Boost)  
  40  3:50  Gateway  
  40  3:52  Probe  
  41  3:58  Probe  
  42  4:04  Probe  
  42  4:06  Robotics Facility  
  42  4:09  Probe  
  43  4:11  Photon Cannon  
  44  4:20  Probe x2  
  46  4:25  Protoss Ground Weapons Level 1 (Chrono Boost)  
  46  4:31  Probe  
  46  4:32  Probe  
  48  4:42  Probe  
  48  4:44  Probe  
  54  4:52  Probe  
  54  4:56  Probe  
  54  4:59  Assimilator  
  52  5:00  Void Ray (Chrono Boost)  
  52  5:03  Probe  
  52  5:06  Nexus  
  57  5:08  Probe  
  57  5:11  Pylon  
  57  5:13  Probe  
  58  5:17  Robotics Bay  
  59  5:24  Pylon  
  59  5:28  Twilight Council  
  59  5:33  Probe  
  60  5:39  Stalker x2  
  64  5:45  Probe  
  64  5:49  Probe  
  65  5:55  Void Ray (Chrono Boost)  
  70  6:08  Gateway  
  70  6:10  Gateway  
  70  6:11  Protoss Ground Weapons Level 2 (Chrono Boost), Blink (Chrono Boost)  
  70  6:12  Gateway  
  70  6:13  Disruptor (Chrono Boost)  
  73  6:24  Probe x2  
  75  6:35  Probe  
  75  6:38  Stalker  
  75  6:39  Stalker  
  80  6:45  Probe, Pylon  
  80  6:48  Probe  
  80  6:49  Disruptor  
  80  6:50  Pylon  
  85  6:56  Probe  
  85  7:00  Probe  
  87  7:06  Probe  
  88  7:11  Probe  
  86  7:19  Stalker x3  
  92  7:27  Nexus, Robotics Facility  
  92  7:30  Assimilator  
  92  7:34  Gateway  
  92  7:35  Assimilator  
  90  7:46  Stalker  
  90  7:47  Stalker x4  
  88  8:01  Phoenix (Chrono Boost)  
  88  8:03  Photon Cannon  
  90  8:07  Stargate  
  90  8:09  Pylon  
  90  8:22  Fleet Beacon  
  90  8:24  Protoss Ground Weapons Level 3  
  90  8:29  Probe  
  90  8:30  Nexus  
  90  8:31  Assimilator  
  90  8:33  Pylon  
  91  8:34  Photon Cannon  
  91  8:36  Photon Cannon, Assimilator  
  91  8:39  Probe  
  91  8:40  Photon Cannon  
  92  8:43  Photon Cannon  
  92  8:45  Stalker  
  94  8:50  Probe  
  95  9:00  Probe, Phoenix (Chrono Boost)  
  98  9:05  Phoenix (Chrono Boost)  
  98  9:09  Zealot  
  102  9:11  Probe, Zealot x4  
  102  9:12  Zealot  
  113  9:21  Probe  
  114  9:25  Pylon  
  114  9:26  Pylon  
  114  9:28  Pylon  
  114  9:30  Pylon  
  114  9:32  Probe  
  114  9:36  Pylon  
  114  9:37  Phoenix (Chrono Boost)  
  119  9:39  Anion Pulse-Crystals  
  119  9:40  Phoenix (Chrono Boost)  
  119  9:43  Probe, Observer x2  
  122  9:51  Probe  
  123  9:53  Probe  
  126  10:00  Phoenix (Chrono Boost)  
  126  10:01  Probe  
  126  10:02  Phoenix (Chrono Boost)  
  129  10:12  Probe  
  130  10:15  Pylon  
  130  10:17  Pylon, Zealot  
  130  10:18  Zealot x2  
  130  10:19  Zealot  
  138  10:22  Probe  
  138  10:25  Phoenix (Chrono Boost)  
  138  10:27  Phoenix (Chrono Boost)  
  143  10:32  Probe  
  144  10:42  Disruptor x2  
  147  10:43  Probe  
  147  10:46  Phoenix (Chrono Boost)  
  147  10:48  Phoenix (Chrono Boost)  
  147  10:49  Protoss Air Weapons Level 1 (Chrono Boost)  
  155  11:02  Protoss Ground Armor Level 1 (Chrono Boost)  
  151  11:10  Phoenix  
  149  11:11  Phoenix  
  149  11:13  Cybernetics Core  
  149  11:15  Pylon  
  151  11:18  Pylon  
  151  11:29  Templar Archives  
  151  11:35  Phoenix  
  153  11:41  Pylon  
  153  11:42  Nexus  
  153  11:45  Gateway, Assimilator  
  153  11:47  Gateway, Phoenix  
  153  11:49  Gateway, Assimilator  
  153  11:51  Gateway  
  155  12:00  Phoenix  
  153  12:12  Phoenix  
  155  12:18  Protoss Air Armor Level 1 (Chrono Boost)  
  151  12:24  Phoenix  
  151  12:29  Zealot  
  155  12:30  Zealot x5  
  155  12:36  Stargate  
  165  12:37  Phoenix  
  165  12:41  Assimilator  
  159  12:49  Phoenix  
  129  12:56  Stalker x2  
  123  13:09  Stalker  
  123  13:10  Stalker x3  
  131  13:18  Phoenix x2  
  135  13:22  Zealot x3  
  135  13:23  Zealot x3  
  147  13:39  Stalker x4  
  155  13:59  Zealot  
  155  14:00  Zealot x5  
  167  14:02  Nexus  
  167  14:05  Pylon  
  167  14:07  Pylon  
  167  14:13  Stalker x3  
  167  14:14  Stalker  
Tags
 
Add a new tag
Caveats
  • Supply blocks, unpowered buildings, or Contaminate may cause inaccurate times.
  • Supply counts are checked every 10 seconds.